 Dungeon Crawl Stone Soup version 0.30.0-29-ga12c61a403 (webtiles) character file.

Game seed: 3037444422129752998

9 shadowstone the Caller (level 2, 0/11 HPs)
             Began as a Felid Summoner on June 10, 2023.
             Slain by a ball python (2 damage)
             ... on level 1 of the Dungeon.
             The game lasted 00:01:40 (190 turns).

shadowstone the Caller (Felid Summoner)              Turns: 190, Time: 00:01:43

Health: 0/11       AC:  1    Str:  4    XL:     2   Next: 6%
Magic:  1/6        EV: 14    Int: 16    God:
Gold:   24         SH:  0    Dex: 16    Spells: 4/5 levels left
                                        Lives:  0   Deaths: 0

rFire   . . .        (weapon unavailable)
rCold   . . .        (shield unavailable)
rNeg    . . .        (body armour unavailable)
rPois   .            (helmet unavailable)
rElec   .            (cloak unavailable)
rCorr   .            (gloves unavailable)
SInv    +            (boots unavailable)
Will    .....        (no amulet)
Stlth   ++           (no ring)
HPRegen 0.21/turn    (no ring)
MPRegen 0.10/turn

%: no passive effects
@: constricted, quick
A: very small, claws 1, fangs 3, see invisible, speed 1, shaggy fur 1, stealthy
paws, no weapons or thrown items, no armour, multi-lived
a: no special abilities


You were on level 1 of the Dungeon.
You visited 1 branch of the dungeon, and saw 1 of its levels.

You collected 24 gold pieces.

Inventory:

Potions
 a - a potion of magic


   Skills:
 + Level 2.9 Dodging
 + Level 2.7 Stealth
 + Level 2.0 Spellcasting
 + Level 4.3 Summonings


You had 4 spell levels left.
You knew the following spells:

 Your Spells              Type           Power      Damage    Failure   Level
a - Summon Small Mammal   Summ           60%        N/A       3%          1

Your spell library contained the following spells:

 Spells                   Type           Power      Damage    Failure   Level
 Call Imp                 Summ           30%        N/A       5%          2
 Call Canine Familiar     Summ           15%        N/A       11%         3
 Summon Guardian Golem    Hex/Summ       8%         N/A       26%         3
 Summon Lightning Spire   Summ/Air       8%         N/A       63%         4


Dungeon Overview and Level Annotations

Branches:
Dungeon (1/15)

Altars:


Innate Abilities, Weirdness & Mutations

You have sharp claws.
You have razor-sharp teeth.
You have supernaturally acute eyesight. (SInv)
You cover ground quickly. (Speed+)
You are covered in fur. (AC +1)
Your paws help you pounce on unaware monsters.
You are incapable of wielding weapons or throwing items.
You cannot wear armour.
You gain extra lives every three experience levels.


Message History

The ball python barely misses your quokka. x2
The ball python grabs your quokka. The ball python constricts your quokka.
Something hits your quokka.
Your quokka barely misses the ball python.
The ball python bites your quokka but does no damage.
The ball python constricts your quokka.
Your quokka dies!
Your quokka's corpse disappears in a puff of smoke!
A goblin comes into view. It is wielding a +0 club.
There is a stone staircase leading down here.
You barely miss the ball python. The ball python bites you.
The ball python misses you. The ball python barely misses you.
The ball python grabs you. The ball python constricts you.
The ball python closely misses you.
Your magical contamination has completely faded away.
You scratch the ball python.
You kill the ball python!
The ball python closely misses you. The ball python grabs you.
The ball python constricts you.
You scratch the hobgoblin.
The hobgoblin is moderately wounded.
The ball python misses you. The ball python constricts you.
The hobgoblin hits you.
You scratch the hobgoblin.
The hobgoblin is severely wounded.
The ball python misses you. The ball python constricts you.
The hobgoblin hits you.
You scratch the hobgoblin.
The hobgoblin is almost dead.
The ball python misses you. The ball python constricts you.
* * * LOW HITPOINT WARNING * * *
The hobgoblin barely misses you.
You barely miss the hobgoblin.
The hobgoblin is severely wounded.
The ball python bites you.
* * * LOW HITPOINT WARNING * * *
The ball python constricts you.
* * * LOW HITPOINT WARNING * * *
The hobgoblin misses you. The ball python bites you.
You die...

# #. # . .#.# !#..
..... #.....## #...#
###..#...#
...#..#####....#...#
.....(gS..#.##.#...#
#.....#g@...##.....#
..### #............#
#..#....##....####
#..).##............#
#.............##.##.#
....#####......##.##.#
.... #......##.##.#
~.#.. .##.#
###....##....# ~...#
.#.. #..#..#.####


You could see a gnoll, a hobgoblin and a ball python.

Vanquished Creatures
  A dart slug (D:1)
  A giant cockroach (D:1)
  A goblin (D:1)
  A hobgoblin (D:1)
  A ball python (D:1)
  A frilled lizard (D:1)
  A rat (D:1)
7 creatures vanquished.

Vanquished Creatures (collateral kills)
  A frilled lizard (D:1)
1 creature vanquished.

Grand Total: 8 creatures vanquished

Notes
Turn   | Place    | Note
-------+----------+-------------------------------------------
     0 | D:1      | shadowstone the Felid Summoner began the quest for the Orb.
     0 | D:1      | Reached XP level 1. HP: 7/7 MP: 4/4
   154 | D:1      | Reached XP level 2. HP: 9/11 MP: 3/6
   190 | D:1      | Slain by a ball python

Illustrated notes

Levels and vault maps discovered:
D:1:      lightli_arrival_isolated_outpost, layout_rooms

Action                     || total
---------------------------++-------
  Melee: Unarmed           ||    29
   Cast: Summon Small Mamm ||     8
   Stab: Sleeping          ||     1
 Armour: Skin              ||     1
  Dodge: Dodged            ||    25
